 Dungeon Crawl Stone Soup version 0.30-a0-883-g5ad918d77d (webtiles) character file.

Game seed: 4293040643071985782

1281 Pimp the Covered (level 8, -6/65 HPs)
             Began as a Formicid Fighter on Mar 15, 2023.
             Mangled by Duvessa
             ... wielding a +0 short sword
              (14 damage)
             ... on level 5 of the Dungeon.
             The game lasted 00:07:32 (5190 turns).

Pimp the Covered (Formicid Fighter)                 Turns: 5190, Time: 00:07:33

Health: -6/65      AC: 13    Str: 23    XL:     8   Next: 84%
Magic:  8/8        EV: 10    Int:  8    God:
Gold:   176        SH:  5    Dex: 13    Spells: 7/7 levels left

rFire   + . .      SeeInvis +    a - +0 war axe
rCold   . . .      Faith    +    c - +0 buckler
rNeg    + . .      Spirit   .    b - +0 scale mail
rPois   .          Reflect  .    (helmet unavailable)
rElec   .          Rampage  .    i - +0 cloak
rCorr   .                        (no gloves)
Will    .....                    r - +1 pair of boots Stlth
                                 j - amulet of faith
HPRegen 0.30/turn                k - ring of protection from fire
MPRegen 0.11/turn                u - ring of positive energy

@: no status effects
A: permanent stasis, dig shafts and tunnels, antennae 3, four strong arms,
iridescent scales 1
a: Dig, Shaft Self


You were on level 5 of the Dungeon.
You visited 1 branch of the dungeon, and saw 5 of its levels.

You collected 176 gold pieces.

Inventory:

Hand Weapons
 a - a +0 war axe (weapon)
Missiles
 f - 3 boomerangs
Armour
 b - a +0 scale mail (worn)
 c - a +0 buckler (worn)
 i - a +0 cloak (worn)
 r - a +1 pair of boots (worn)
Jewellery
 j - an amulet of faith (around neck)
 k - a ring of protection from fire (left hand)
 u - a ring of positive energy (right hand)
Wands
 x - a wand of charming (19)
Scrolls
 g - 4 scrolls of teleportation
Potions
 e - 2 potions of brilliance
 m - 4 potions of attraction
 o - 3 potions of flight
 t - a potion of lignification {unknown}
 z - 2 potions of curing {unknown}


   Skills:
 * Level 6.4 Fighting
 * Level 5.3 Axes
 * Level 6.5 Armour
 + Level 2.6 Dodging
 + Level 6.3 Shields


You had 7 spell levels left.
You didn't know any spells.
Your spell library contained the following spells:

 Spells                   Type           Power      Damage    Failure   Level
 Freeze                   Ice            0%         1d3       77%         1
 Sublimation of Blood     Necr           0%         N/A       88%         2
 Frozen Ramparts          Ice            0%         1d1       98%         3
 Hailstorm                Conj/Ice       0%         3d3       98%         3
 Tukima's Dance           Hex            0%         N/A       98%         3
 Passage of Golubria      Tloc           0%         N/A       100%        4
 Petrify                  Tmut/Erth      0%         N/A       100%        4
 Irradiate                Conj/Tmut      0%         3d11      100%        5
 Yara's Violent Unravell  Hex/Tmut       0%         3d3       100%        5


Dungeon Overview and Level Annotations

Branches:
Dungeon (5/15)
 Temple: D:4-7

Altars:
Trog

Annotations:
D:5 Duvessa; ooooo's ghost, novice DsCj


Innate Abilities, Weirdness & Mutations

You cannot be hasted, slowed, berserked, paralysed or teleported.
You can dig through walls and to a lower floor.
You have a pair of large antennae on your head. (SInv)
Your four strong arms can wield two-handed weapons with a shield.
You are partially covered in iridescent scales. (AC +2)


Message History

You barely miss Duvessa.
Duvessa is lightly wounded.
Duvessa hits you but does no damage. x2
You hit Duvessa but do no damage.
Duvessa is lightly wounded.
Duvessa hits you with a +0 short sword! Duvessa barely misses you.
You closely miss Duvessa.
Duvessa is lightly wounded.
Duvessa hits you with a +0 short sword!
* * * LOW HITPOINT WARNING * * *
Duvessa hits you with a +0 short sword.
* * * LOW HITPOINT WARNING * * *
You barely miss Duvessa.
Duvessa is lightly wounded.
Duvessa hits you but does no damage. Duvessa hits you with a +0 short sword.
* * * LOW HITPOINT WARNING * * *
You feel much better. Duvessa hits you with a +0 short sword!
* * * LOW HITPOINT WARNING * * *
You slash Duvessa!
Duvessa is moderately wounded.
Duvessa hits you but does no damage. You block Duvessa's attack.
You hit Duvessa but do no damage.
Duvessa is moderately wounded.
Duvessa misses you. Duvessa hits you with a +0 short sword.
* * * LOW HITPOINT WARNING * * *
You slash Duvessa!
Duvessa is moderately wounded.
Duvessa hits you with a +0 short sword.
* * * LOW HITPOINT WARNING * * *
Duvessa hits you with a +0 short sword!
* * * LOW HITPOINT WARNING * * *
Okay, then.
Okay, then.
You slash Duvessa!
Duvessa is heavily wounded.
Duvessa closely misses you. Duvessa completely misses you.
You barely miss Duvessa.
Duvessa is heavily wounded.
Duvessa hits you with a +0 short sword!
You die...

#..#####... #........#
####.......#
##..........#
#.>...!.....#####
#..##............
########..##............
..........#.............
................@e......
≈≈≈≈≈≈≈..##.##..†.......
≈≈≈≈≈≈≈........##.......
.####≈≈.###.##.# .......
8#.g#≈≈........# ....###
##.##≈≈..##.##.# #.#.#
....#≈≈..# ##. #..#
#.###≈≈..# #.#
#g#..≈≈..#


You could see Duvessa (berserk).

Vanquished Creatures
  Sigmund (D:5)
  2 ogres (D:5)
  A black bear (D:5)
  A phantom (D:5)
  Dowan (D:5)
  A jelly (D:5)
  4 hounds
  2 iguanas
  5 orc priests
  4 orc wizards (D:5)
  Robin (D:2)
  3 gnolls (D:5)
  8 adders
  A worm (D:2)
  5 orcs
  7 bats
  7 endoplasms (D:4)
  3 giant cockroaches
  7 goblins
  7 hobgoblins
  2 jackals (D:4)
  3 quokkas
  7 ball pythons
  A frilled lizard (D:2)
  6 kobolds
  4 rats
94 creatures vanquished.

Vanquished Creatures (collateral kills)
  The ghost of ooooo the Conjurer, an amateur DsCj (D:4)
  A ball python (D:4)
  A hobgoblin (D:4)
3 creatures vanquished.

Vanquished Creatures (others)
  2 plants (D:5)
  A withered plant (D:4)
3 creatures vanquished.

Grand Total: 100 creatures vanquished

Notes
Turn   | Place    | Note
-------+----------+-------------------------------------------
     0 | D:1      | Pimp the Formicid Fighter began the quest for the Orb.
     0 | D:1      | Reached XP level 1. HP: 18/18 MP: 1/1
   486 | D:1      | Reached XP level 2. HP: 24/24 MP: 2/2
  1125 | D:2      | Reached XP level 3. HP: 17/29 MP: 3/3
  1281 | D:2      | Noticed Robin
  1306 | D:2      | Killed Robin
  1387 | D:2      | Reached XP level 4. HP: 34/35 MP: 4/4
  2799 | D:4      | Reached XP level 5. HP: 25/42 MP: 5/5
  3071 | D:4      | Reached skill level 5 in Shields
  3077 | D:4      | Found a runed translucent door.
  3077 | D:4      | Noticed ooooo's ghost (amateur DsCj)
  3102 | D:4      | Killed ooooo's ghost
  3103 | D:4      | Reached skill level 1 in Dodging
  3103 | D:4      | Reached XP level 6. HP: 47/49 MP: 6/6
  3111 | D:4      | Found a bloodstained altar of Trog.
  3979 | D:5      | Entered Level 5 of the Dungeon
  3993 | D:5      | Reached XP level 7. HP: 27/55 MP: 7/7
  3995 | D:5      | HP: 1/55 [orc priest/+0 whip (3)]
  3997 | D:5      | Reached skill level 5 in Fighting
  3997 | D:5      | Reached skill level 5 in Armour
  4397 | D:5      | Noticed Sigmund
  4398 | D:5      | Found a glowing drain.
  4703 | D:5      | Reached XP level 8. HP: 54/63 MP: 8/8
  4705 | D:5      | Killed Sigmund
  4885 | D:5      | Noticed Dowan
  4896 | D:5      | Gained mutation: You are partially covered in iridescent
                  | scales. (AC +2) [potion of mutation]
  4900 | D:5      | Reached skill level 5 in Axes
  4907 | D:5      | Killed Dowan
  5130 | D:5      | Noticed ooooo's ghost (novice DsCj)
  5173 | D:5      | Noticed Duvessa
  5184 | D:5      | HP: 2/65 [Duvessa/+0 short sword (6)]
  5190 | D:5      | Mangled by Duvessa

Illustrated notes

Levels and vault maps discovered:
D:1:      psy_arrival_conway, layout_loops_corners, columned_hall_lemuel,
          kennysheep_doodads, hex_large
D:2:      layout_loops_corners, uniq_robin
D:3:      layout_loops_cross
D:4:      layout_layer_cave, nicolae_overflow_crystal_walls,
          gammafunk_ghost_grave, kennysheep_generic_room_12
D:5:      layout_loops_cross, gammafunk_ghost_gnarly_gnolls,
          cheibrodos_sewer_entry_drain, grunt_ministairs_6,
          minmay_fractal_squares_gapless_5, uniq_duvessa, uniq_sigmund

Skill      XL: |  1  2  3  4  5  6  7  8 |
---------------+-------------------------+-----
Fighting       | 4 5 6 |  6.4
Armour         | 4 5 6 |  6.5
Axes           | 3 4 5 |  5.3
Shields        | 5 6 |  6.3
Dodging        | 1 2 |  2.6

Action                     |  1- 3 |  4- 6 |  7- 9 || total
---------------------------+-------+-------+-------++-------
  Melee: War axe           |    92 |   100 |   131 ||   323
    Use: Scroll            |       |    12 |     1 ||    13
         Potion            |       |     2 |     3 ||     5
 Armour: Scale mail        |    41 |    70 |    83 ||   194
  Dodge: Dodged            |    47 |    70 |    74 ||   191
  Block: Buckler           |    22 |    39 |    48 ||   109

Table legend: (Time is in decaauts)
 A = Elapsed time spent in this place.
 B = Non-inter-level travel time spent in this place.
 C = Inter-level travel time spent in this place.
 D = Time resting spent in this place.
 E = Time spent auto-exploring this place.
 F = Levels seen in this place.
 G = Mean time per level.
                   A        B        C        D        E       F      G
               +--------+--------+--------+--------+--------+-----+--------+
         Total |   5311 |   5218 |     93 |    713 |   3567 |   5 | 1062.2 |
       Dungeon |   5311 |   5218 |     93 |    713 |   3567 |   5 | 1062.2 |
               +--------+--------+--------+--------+--------+-----+--------+

Top non-repeatable levels by time:
     D:4: 1551 daAuts
     D:2: 1132 daAuts
     D:1: 1014 daAuts
     D:5: 1008 daAuts
     D:3: 604 daAuts
